 Dungeon Crawl Stone Soup version 0.20.1-1-g8b1a95d (webtiles) character file.

972 vineage the Slasher (level 7, -2/54 HPs)
             Began as a Demonspawn Fighter on Oct 8, 2017.
             Slain by a centaur (8 damage)
             ... on level 6 of the Dungeon.
             The game lasted 00:06:32 (3941 turns).

vineage the Slasher (Demonspawn Fighter)            Turns: 3941, Time: 00:06:32

Health: -2/54      AC:  7    Str: 17    XL:     7   Next: 94%
Magic:  16/16      EV:  8    Int:  9    God:
Gold:   258        SH: 10    Dex: 16    Spells: 6/6 levels left

rFire    . . .     SeeInvis .   a - +0 long sword
rCold    . . .     Gourm    .   c - +0 shield
rNeg     + . .     Faith    +   b - +0 scale mail
rPois    .         Spirit   .   (no helmet)
rElec    .         Reflect  .   i - scarf {cloud immunity}
rCorr    .         Harm     .   (no gloves)
MR       .....     Clarity  +   (no boots)
Stlth    +.........             d - amulet of faith
Regen    0.2/turn               h - ring of magical power
MPRegen  0.2/turn               t - ring of positive energy

@: flying
A: hooves 1, thin skeletal structure 1, clarity, demonic guardian 1, MP-powered
wands
a: no special abilities


You were on level 6 of the Dungeon.
You were near starving.

You visited 1 branch of the dungeon, and saw 6 of its levels.

You collected 258 gold pieces.

Inventory:

Hand Weapons
 a - a +0 long sword (weapon)
Armour
 b - a +0 scale mail (worn)
 c - a +0 shield (worn)
 i - a scarf of cloud immunity (worn)
 u - a +0 plate armour
Jewellery
 d - an amulet of faith (around neck)
 h - a ring of magical power (left hand)
 k - an uncursed amulet of magic regeneration {unknown}
 t - a ring of positive energy (right hand)
Wands
 m - a wand of disintegration (19/24)
Scrolls
 e - 5 scrolls of teleportation
 g - a scroll of amnesia
 j - 2 scrolls of identify
 n - 3 scrolls of magic mapping
 s - 4 scrolls of remove curse
 w - a scroll of fog {unknown}
Potions
 l - a potion of mutation {unknown}
 v - a potion of cancellation
Comestibles
 f - 2 bread rations
 o - a royal jelly
 p - a fruit
 q - 2 meat rations


   Skills:
 + Level 4.2 Fighting
 + Level 5.4 Long Blades
 + Level 4.4 Armour
 + Level 2.1 Dodging
 + Level 0.2 Stealth
 + Level 4.7 Shields


You had 6 spell levels left.
You didn't know any spells.

Dungeon Overview and Level Annotations

Branches:
Dungeon (6/15)
 Temple: D:4-7

Altars:
Elyvilon
Fedhas
Ru
Sif Muna
The Shining One


Innate Abilities, Weirdness & Mutations

You have large cloven feet.
You have a somewhat thin skeletal structure. (Dex +2, Stealth)
A weak demonic guardian rushes to your aid.
You possess an exceptional clarity of mind.
You expend magic power (3 MP) to strengthen your wands.


Message History

The arrow hits your white imp!
Your white imp dies!
The centaur shoots an arrow.
The arrow barely misses you.
The centaur shoots an arrow.
You block the arrow.
You see here 3 arrows.
The centaur shoots an arrow.
You block the arrow.
You see here 2 arrows.
You feel sick.
The centaur shoots an arrow.
The arrow hits you.
* * * LOW HITPOINT WARNING * * *
The centaur shoots an arrow.
The arrow barely misses you.
You see here an arrow.
The centaur unwields an uncursed shortbow.
The centaur barely misses you. You block the centaur's attack.
You hit the centaur. You kick the centaur.
The centaur is almost dead.
You feel sick.
You are no longer poisoned.
The centaur hits you!
You die...

###### ...# +###
#....# ...........
#....# ...........
#.?c.####...... ....
#..@5(......... ...
##+##(.......# #
#...#((......# +
#...#.(...(..# #
#...###(#....# #
#......(#....#######
#..[....+....#......
#...##+##....#......
#...##..#..>.#......


You could see a centaur and a friendly shadow imp.

Vanquished Creatures
  Sigmund (D:2)
  A sky beast (D:5)
  An ogre (D:5)
  A howler monkey (D:5)
  2 crimson imps (D:5)
  A centaur skeleton (D:4)
  3 hounds (D:4)
  2 orc priests
  2 orc wizards (D:3)
  Natasha (twice) (D:2)
  An iguana (D:5)
  2 worker ants
  A worker ant zombie (D:5)
  Robin (D:2)
  6 adders
  2 oozes
  An adder skeleton (D:5)
  A worm (D:3)
  6 leopard geckos
  12 orcs
  3 giant cockroaches
  19 goblins
  11 hobgoblins
  10 jackals
  3 quokkas
  A ball python (D:1)
  9 bats
  4 frilled lizards
  A jackal skeleton (D:4)
  6 kobolds
  9 rats
125 creatures vanquished.

Vanquished Creatures (collateral kills)
  An adder (D:5)
1 creature vanquished.

Grand Total: 126 creatures vanquished

Notes
Turn   | Place    | Note
-------+----------+-------------------------------------------
     0 | D:1      | vineage the Demonspawn Fighter began the quest for the Orb.
     0 | D:1      | Reached XP level 1. HP: 18/18 MP: 1/1
   315 | D:1      | Gained mutation: You have a somewhat thin skeletal structure. (Dex +2, Stealth) [demonic ancestry]
   315 | D:1      | Reached XP level 2. HP: 24/24 MP: 2/2
   431 | D:1      | Reached skill level 2 in Long Blades
   568 | D:1      | Reached XP level 3. HP: 13/29 MP: 3/3
  1191 | D:2      | Noticed Sigmund
  1205 | D:2      | Killed Sigmund
  1205 | D:2      | Reached skill level 3 in Long Blades
  1205 | D:2      | Reached skill level 1 in Dodging
  1205 | D:2      | Gained mutation: You have large cloven feet. [demonic ancestry]
  1205 | D:2      | Reached XP level 4. HP: 26/36 MP: 4/4
  1205 | D:2      | Reached XP level 5. HP: 30/41 MP: 5/5
  1284 | D:2      | Noticed Natasha
  1287 | D:2      | Killed Natasha
  1345 | D:2      | Noticed Natasha
  1353 | D:2      | Killed Natasha
  1353 | D:2      | Reached XP level 6. HP: 24/47 MP: 6/6
  1358 | D:2      | Found a sacrificial altar of Ru.
  1439 | D:2      | Noticed Robin
  1455 | D:2      | Killed Robin
  1827 | D:3      | Reached skill level 4 in Long Blades
  2386 | D:4      | Found a white marble altar of Elyvilon.
  2406 | D:4      | Gained mutation: A weak demonic guardian rushes to your aid. [demonic ancestry]
  2406 | D:4      | Reached XP level 7. HP: 52/53 MP: 7/7
  3082 | D:4      | Found a deep blue altar of Sif Muna.
  3082 | D:4      | Found a blossoming altar of Fedhas.
  3084 | D:4      | Found a glowing golden altar of the Shining One.
  3147 | D:5      | Entered Level 5 of the Dungeon
  3163 | D:5      | Gained mutation: You expend magic power (3 MP) to strengthen your wands. [mutagenic meat]
  3164 | D:5      | Gained mutation: You possess an exceptional clarity of mind. [mutagenic meat]
  3192 | D:5      | Reached skill level 5 in Long Blades
  3941 | D:6      | Slain by a centaur

Skill      XL: |  1  2  3  4  5  6  7 |
---------------+----------------------+-----
Shields        | 3 4 |  4.7
Long Blades    | 2 3 4 5 |  5.4
Armour         | 3 4 |  4.4
Dodging        | 1 2 |  2.1
Fighting       | 4 |  4.2
Stealth        | |  0.2

Action                   |  1- 3 |  4- 6 |  7- 9 || total
-------------------------+-------+-------+-------++-------
Melee: Long sword        |   112 |   152 |   144 ||   408
       Kick              |       |    50 |    55 ||   105
  Use: Potion            |     2 |     2 |     2 ||     6
       Scroll            |       |     9 |     1 ||    10
  Eat: Chunk             |     1 |     4 |     7 ||    12
Armor: Scale mail        |    55 |    60 |    47 ||   162
Dodge: Dodged            |    45 |    33 |    38 ||   116
Block: Shield            |    68 |    80 |    87 ||   235
       Rpst.: Long sword |    13 |    15 |    11 ||    39
